 Dungeon Sprint DCSS version 0.30-a0-860-g512cf1e979 (webtiles) character file.

Game seed: 7977814093640604957

17017 rocky1 the Bludgeoner (level 12, -11/106 (127) HPs)
             Began as a Minotaur Gladiator on Mar 8, 2023.
             Was an Initiate of Gozag.
             Mangled by a vampire knight
             ... wielding a +2 battleaxe of draining
              (15 damage)
             ... while paralysed by a vampire knight
             ... in the Dungeon (Sprint IX: "|||||||||||||||||||||||||||||").
             The game lasted 00:10:06 (3621 turns).

rocky1 the Bludgeoner (Minotaur Gladiator)          Turns: 3621, Time: 00:10:07

HP:   -11/106 (127) AC: 20    Str: 23    XL:     12   Next: 15%
MP:   11/11         EV:  2    Int:  7    God:    Gozag
Gold: 7795          SH:  0    Dex: 11    Spells: 11/11 levels left

rFire   + . .      SeeInvis .    y - +1 great mace
rCold   + . .      Faith    .    (shield currently unavailable)
rNeg    . . .      Spirit   .    L - +2 scale mail {rF+}
rPois   +          Reflect  .    c - +2 hat
rElec   .          Rampage  .    J - +1 cloak
rCorr   .          NoTele   +    K - +1 pair of gloves
Will    .....                    (no boots) Stlth
                                 (no amulet)
HPRegen 0.37/turn                G - ring of poison resistance
MPRegen 0.12/turn                F - ring of protection from cold

@: paralysed, heavily drained
A: horns 2, retaliatory headbutt
a: Renounce Religion, Potion Petition, Call Merchant, Bribe Branch


You were in the Dungeon.
You worshipped Gozag.
Gozag was greatly pleased with you.
You visited 1 branch You collected 8212 gold pieces.
You spent 417 gold pieces at shops.

Inventory:

Hand Weapons
 o - a +2 morningstar of protection
 p - a +1 heavy broad axe
 y - a +1 great mace (weapon)
 B - a +4 morningstar of holy wrath
 I - a +1 lajatang
Missiles
 d - 6 throwing nets
 e - a javelin
 C - 8 atropa-tipped darts
Armour
 b - a +0 plate armour
 c - a +2 hat (worn)
 q - a +0 cloak
 x - a +0 pair of gloves
 J - a +1 cloak (worn)
 K - a +1 pair of gloves (worn)
 L - a +2 scale mail of fire resistance (worn)
 M - a +1 pair of gloves
 P - a +1 tower shield
Jewellery
 s - a +2 ring of protection
 t - a +3 ring of intelligence
 F - a ring of protection from cold (right hand)
 G - a ring of poison resistance (left hand)
 H - a ring of protection from cold
Wands
 n - a wand of light (8) (quivered)
 E - a wand of mindburst (10)
Scrolls
 m - 2 scrolls of amnesia
 r - 4 scrolls of identify
 u - 4 scrolls of enchant armour
 w - 2 scrolls of enchant weapon
 O - a scroll of fog
Potions
 a - 3 potions of brilliance
 f - 6 potions of curing
 g - a potion of invisibility
 h - 2 potions of haste
 i - 4 potions of magic
 j - a potion of berserk rage
 k - a potion of ambrosia
 l - 4 potions of heal wounds
 z - a potion of attraction {unknown}
 D - 2 potions of might
 N - a potion of mutation


   Skills:
 + Level 18.1 Fighting
 + Level 20.7 Maces & Flails
 - Level 2.0 Throwing
 + Level 17.9 Armour
 + Level 16.8 Dodging


You had 11 spell levels left.
You didn't know any spells.
Your spell library was empty.

Dungeon Overview and Level Annotations

Branches:
Dungeon (1/1)

Altars:
Cheibriados
Dithmenos
Elyvilon
Fedhas
Gozag
Hepliaklqana
Kikubaaqudgha
Makhleb
Nemelex Xobeh
Okawaru
Qazlal
Ru
Sif Muna
Trog
Uskayaw
Vehumet
Wu Jian
Xom
Yredelemnul
Zin
The Shining One
Jiyva
Lugonu

Shops:
D ((((


Innate Abilities, Weirdness & Mutations

You have a pair of horns on your head.
You reflexively headbutt those who attack you in melee.


Message History

You hit something but do no damage.
The ettin is no longer blind.
The deep troll shaman is no longer distracted by gold.
Something hits you!
* * * LOW HITPOINT WARNING * * *
You feel drained.
* * * LOW HITPOINT WARNING * * *
Something bites you.
* * * LOW HITPOINT WARNING * * *
Something draws strength from your injuries!
You feel much better. Something barely misses you.
Something bites you but does no damage. Something hits you!
* * * LOW HITPOINT WARNING * * *
You feel drained.
* * * LOW HITPOINT WARNING * * *
Something bites you!
* * * LOW HITPOINT WARNING * * *
Something draws strength from your injuries!
Blink to where?
Press: ? - help, Dir - move target
As you read the scroll of blinking, it crumbles to dust.
Something tries to affect you, but you resist.
You close the door.
Something unseen opens the door.
You see here +0 acid dragon scales.
You see here +0 storm dragon scales.
You hear some strange, mumbled words.
Something tries to affect you, but you resist.
You see here the +4 quarterstaff of Starshine {protect, *Corrode rC+ Str+4}.
You see here a +3 scale mail.
You hear some strange, mumbled words.
You suddenly lose the ability to move!
You hear some strange, mumbled words.
Something tries to affect you, but you resist.
Something hits you!!
* * * LOW HITPOINT WARNING * * *
You feel drained.
* * * LOW HITPOINT WARNING * * *
Something bites you but does no damage. Something hits you!
You die...
Your body crumbles into a pile of gold.

▓.▓.▓.▓.▓)▓.▓)▓
▓'▓.▓.▓.▓)▓.▓)▓
▓_▓.▓.▓.▓)▓.▓.▓
▓_▓.▓.▓.▓)▓)▓.▓
▓_▓.▓.▓.▓.▓.▓)▓
▓_▓.▓.▓.▓)▓.▓)▓
▓_▓.▓'▓.▓)▓.▓)▓
▓_▓.▓.▓.▓)▓.▓)▓
▓_▓.▓.▓.▓)▓.▓@▓
▓_▓.▓.▓.▓)▓.▓.▓
▓_▓.▓.▓.▓.▓.▓.▓
▓_▓.▓.▓.▓.▓.▓§▓
▓_▓.▓.▓.▓)▓.▓.▓
▓_▓.▓.▓.▓)▓.▓C▓
▓_▓.▓.▓.▓)▓.▓.▓
▓_▓.▓.▓.▓)▓.▓Q▓
▓_▓.▓'▓.▓.▓.▓[▓


You could see a tengu reaver and an ettin.

Vanquished Creatures
  A hydra (D)
  A centaur warrior (D)
  A boulder beetle (D)
  3 tengu warriors (D)
  An orc high priest (D)
  A deep elf pyromancer (D)
  An oklob plant (D)
  8 orc sorcerers (D)
  3 cyclopes (D)
  Maurice (D)
  An elephant (D)
  A torpor snail (D)
  4 cane toads (D)
  Joseph (D)
  3 komodo dragons (D)
  2 trolls (D)
  5 polar bears (D)
  3 yaks (D)
  Eustachio (D)
  2 basilisks (D)
  A steam dragon (D)
  2 water moccasins (D)
  An acid dragon (D)
  A floating eye (shapeshifter) (D)
  3 black bears (D)
  10 orc warriors (D)
  3 bullfrogs (D)
  A howler monkey (D)
  A hound (D)
  A jelly (D)
  2 orc priests (D)
  An iguana (D)
  10 orc wizards (D)
  An adder (D)
  A white imp (D)
  An adder simulacrum (D)
  8 orcs (D)
  2 ball pythons (D)
  An endoplasm (D)
  2 goblins (D)
97 creatures vanquished.

Notes
Turn   | Place    | Note
-------+----------+-------------------------------------------
     0 | D        | rocky1 the Minotaur Gladiator began the quest for the Orb.
     0 | D        | Reached XP level 1. HP: 18/18 MP: 0/0
     6 | D        | Reached skill level 4 in Maces & Flails
    12 | D        | Reached skill level 5 in Maces & Flails
   120 | D        | Noticed an iguana
   120 | D        | Noticed a hound
   120 | D        | Noticed a jelly
   124 | D        | Reached skill level 6 in Maces & Flails
   124 | D        | Reached XP level 2. HP: 16/25 MP: 1/1
   128 | D        | Reached skill level 7 in Maces & Flails
   131 | D        | HP: 1/25 [poisoned by an adder]
   132 | D        | Reached skill level 9 in Maces & Flails
   132 | D        | Reached XP level 3. HP: 1/30 MP: 2/2
   135 | D        | Reached skill level 10 in Maces & Flails
   135 | D        | Reached XP level 4. HP: 25/37 MP: 3/3
   141 | D        | Reached skill level 11 in Maces & Flails
   330 | D        | Found a snail-covered altar of Cheibriados.
   330 | D        | Found a shadowy altar of Dithmenos.
   330 | D        | Found a white marble altar of Elyvilon.
   330 | D        | Found a blossoming altar of Fedhas.
   330 | D        | Found an opulent altar of Gozag.
   331 | D        | Found a hazy altar of Hepliaklqana.
   332 | D        | Found a viscous altar of Jiyva.
   333 | D        | Found an ancient bone altar of Kikubaaqudgha.
   334 | D        | Found a corrupted altar of Lugonu.
   335 | D        | Found a burning altar of Makhleb.
   336 | D        | Found a sparkling altar of Nemelex Xobeh.
   337 | D        | Found an iron altar of Okawaru.
   338 | D        | Found a stormy altar of Qazlal.
   339 | D        | Found a sacrificial altar of Ru.
   352 | D        | Became a worshipper of Gozag Ym Sagoz the Greedy
   355 | D        | Found a shimmering blue altar of Sif Muna.
   356 | D        | Found a bloodstained altar of Trog.
   357 | D        | Found a hide-covered altar of Uskayaw.
   358 | D        | Found a radiant altar of Vehumet.
   359 | D        | Found an ornate altar of the Wu Jian Council.
   360 | D        | Found a shimmering altar of Xom.
   361 | D        | Found a basalt altar of Yredelemnul.
   362 | D        | Found a glowing silver altar of Zin.
   363 | D        | Found a glowing golden altar of the Shining One.
   411 | D        | Noticed a yak
   411 | D        | Noticed a yak
   411 | D        | Noticed a steam dragon
   411 | D        | Noticed a troll
   415 | D        | Killed a yak
   416 | D        | Reached skill level 5 in Fighting
   416 | D        | Reached skill level 12 in Maces & Flails
   416 | D        | Reached skill level 5 in Dodging
   416 | D        | Reached XP level 5. HP: 47/48 MP: 4/4
   421 | D        | Reached skill level 5 in Armour
   421 | D        | Reached XP level 6. HP: 57/57 MP: 5/5
   430 | D        | Killed a yak
   431 | D        | Reached skill level 13 in Maces & Flails
   433 | D        | Killed a steam dragon
   434 | D        | Reached XP level 7. HP: 64/67 MP: 6/6
   438 | D        | Killed a troll
   439 | D        | Reached skill level 14 in Maces & Flails
   655 | D        | Noticed a troll
   655 | D        | Noticed a cyclops
   655 | D        | Noticed a six-headed hydra
   655 | D        | Noticed a boulder beetle
   662 | D        | Killed a troll
   663 | D        | Reached XP level 8. HP: 51/78 MP: 7/7
   817 | D        | a floating eye changed into an elephant
   817 | D        | Noticed an elephant (shapeshifter)
   822 | D        | Killed a boulder beetle
   823 | D        | Reached skill level 10 in Fighting
   823 | D        | Reached skill level 15 in Maces & Flails
   823 | D        | Reached skill level 10 in Armour
   823 | D        | Reached skill level 10 in Dodging
   825 | D        | Killed a cyclops
   826 | D        | Reached XP level 9. HP: 40/89 MP: 8/8
  1073 | D        | Killed a six-headed hydra
  1074 | D        | Reached skill level 16 in Maces & Flails
  1085 | D        | Paralysed by a floating eye for 2 turns
  1312 | D        | Noticed a cane toad
  1312 | D        | Noticed a cane toad
  1321 | D        | Killed a cane toad
  1327 | D        | Killed a cane toad
  1706 | D        | Noticed an oklob plant
  1726 | D        | Killed an oklob plant
  1727 | D        | Reached skill level 17 in Maces & Flails
  1727 | D        | Reached XP level 10. HP: 73/101 MP: 9/9
  1870 | D        | Noticed a torpor snail
  1870 | D        | Noticed a cane toad
  1871 | D        | Noticed an elephant
  1879 | D        | Killed a torpor snail
  1893 | D        | Killed a cane toad
  1894 | D        | Noticed a cane toad
  2253 | D        | Killed an elephant
  2262 | D        | Killed a cane toad
  2263 | D        | Reached skill level 18 in Maces & Flails
  2515 | D        | Reached skill level 15 in Fighting
  2528 | D        | Reached skill level 15 in Armour
  2535 | D        | Reached XP level 11. HP: 84/112 MP: 10/10
  2629 | D        | Noticed Joseph
  2639 | D        | Killed Joseph
  2976 | D        | Noticed an orc sorcerer
  2976 | D        | Paralysed by an orc sorcerer for 5 turns
  2983 | D        | Killed an orc sorcerer
  3002 | D        | Noticed an orc high priest
  3005 | D        | Reached skill level 19 in Maces & Flails
  3037 | D        | Noticed a sixfirhy
  3038 | D        | Killed an orc high priest
  3039 | D        | Reached skill level 15 in Dodging
  3108 | D        | Found Genoona's Weapon Emporium.
  3108 | D        | Noticed an orc sorcerer
  3108 | D        | Noticed an orc sorcerer
  3108 | D        | Noticed an orc sorcerer
  3112 | D        | Noticed an orc sorcerer
  3116 | D        | Killed an orc sorcerer
  3117 | D        | Found Coppu's Antique Weapon Shoppe.
  3119 | D        | Killed an orc sorcerer
  3125 | D        | Killed an orc sorcerer
  3127 | D        | Noticed a soul eater
  3129 | D        | Paralysed by an orc sorcerer for 3 turns
  3134 | D        | Killed an orc sorcerer
  3143 | D        | Found Zoeparec's Antique Weapon Emporium.
  3147 | D        | Found Wiohab's Weapon Shoppe.
  3149 | D        | Noticed an orc sorcerer
  3150 | D        | Noticed an orc sorcerer
  3152 | D        | Noticed an orc sorcerer
  3155 | D        | Killed an orc sorcerer
  3160 | D        | Killed an orc sorcerer
  3162 | D        | Killed an orc sorcerer
  3312 | D        | Bought a warped quarterstaff for 198 gold pieces
  3312 | D        | Identified the +4 quarterstaff of Starshine {protect,
                  | *Corrode rC+ Str+4} (You bought it in a shop in the
                  | Dungeon)
  3314 | D        | Bought a runed morningstar for 126 gold pieces
  3316 | D        | Bought 4 atropa-tipped darts for 50 gold pieces
  3322 | D        | Bought 4 atropa-tipped darts for 43 gold pieces
  3359 | D        | Noticed Eustachio
  3362 | D        | Killed Eustachio
  3393 | D        | Noticed Maurice
  3402 | D        | Killed Maurice
  3403 | D        | Reached skill level 20 in Maces & Flails
  3560 | D        | Noticed a centaur warrior
  3560 | D        | Noticed a tengu warrior
  3560 | D        | Noticed a deep elf pyromancer
  3560 | D        | Noticed a tengu warrior
  3561 | D        | Noticed a tengu warrior
  3565 | D        | Killed a centaur warrior
  3568 | D        | Killed a deep elf pyromancer
  3572 | D        | Killed a tengu warrior
  3574 | D        | Noticed a vampire knight
  3580 | D        | Noticed an ettin
  3581 | D        | Reached XP level 12. HP: 119/127 MP: 11/11
  3582 | D        | Noticed a tengu reaver
  3584 | D        | Noticed a tengu warrior
  3586 | D        | Killed a tengu warrior
  3590 | D        | Killed a tengu warrior
  3592 | D        | Noticed a deep troll shaman
  3593 | D        | Noticed an ice dragon
  3619 | D        | Paralysed by something for 5 turns
  3621 | D        | HP: 5/111 [something (18)]
  3621 | D        | Mangled by a vampire knight

Illustrated notes

Levels and vault maps discovered:
D:        linesprint [early_d, line_temple, items_1, d_10, items_2, lair_1,
          lair_end, items_3, orc_1, orc_end, items_4, d_15, swamp_1, shoals_1,
          snake_1, spider_1, d_20, vaults_1, items_5, swamp_end, shoals_end,
          snake_end, spider_end, vaults_end, d_27, items_6, zot_1, zot_end,
          crypt_end, forest_end, elf_end, slime_end, tomb_end, abyss_end,
          pan_hell_end]

Skill      XL: |  1  2  3  4  5  6  7  8  9 10 11 12 |
---------------+-------------------------------------+-----
Maces & Flails | 6 9 10 12 13 14 15 17 18 20 | 20.7
Fighting       | 5 7 9 11 13 15 17 18 | 18.1
Armour         | 4 5 7 9 10 13 15 17 | 17.9
Dodging        | 5 7 9 10 12 14 16 | 16.8
Throwing       | |  2.0

Action                     |  1- 3 |  4- 6 |  7- 9 | 10-12 || total
---------------------------+-------+-------+-------+-------++-------
  Melee: Flail             |    23 |     6 |       |       ||    29
         Headbutt          |     2 |     5 |    16 |    53 ||    76
         Morningstar       |       |    20 |    79 |   224 ||   323
         Great mace        |       |       |       |    29 ||    29
         Punch             |       |       |       |     1 ||     1
  Evoke: Wand              |       |       |       |     2 ||     2
    Use: Potion            |     1 |       |     1 |     1 ||     3
         Scroll            |       |       |     2 |     3 ||     5
   Stab: Distracted        |       |     2 |       |       ||     2
         Invisible         |       |       |       |     1 ||     1
 Armour: Leather armour    |     3 |     1 |       |       ||     4
         Chain mail        |       |    10 |    44 |       ||    54
         Plate armour      |       |       |     8 |   104 ||   112
         Scale mail        |       |       |       |    20 ||    20
  Dodge: Dodged            |    15 |     5 |    41 |    90 ||   151

Table legend: (Time is in decaauts)
 A = Elapsed time spent in this place.
 B = Non-inter-level travel time spent in this place.
 C = Inter-level travel time spent in this place.
 D = Time resting spent in this place.
 E = Time spent auto-exploring this place.
 F = Levels seen in this place.
 G = Mean time per level.
                   A        B        C        D        E       F      G
               +--------+--------+--------+--------+--------+-----+--------+
         Total |   3523 |   3523 |      0 |   2298 |      0 |   1 | 3523.0 |
       Dungeon |   3523 |   3523 |      0 |   2298 |      0 |   1 | 3523.0 |
               +--------+--------+--------+--------+--------+-----+--------+

Top non-repeatable levels by time:
       D: 3523 daAuts
